 Dungeon Crawl Stone Soup version 0.31-a0-819-gf6de2f5ab6 (webtiles) character file.

Game seed: 11411561865059504584

67 qw the Shooter (level 4, -19/28 HPs)
             Began as a Gargoyle Hunter on Sept 23, 2023.
             Demolished by Ijyb
             ... wielding a +0 dagger of distortion
              (20 damage)
             ... on level 3 of the Dungeon.
             The game lasted 00:00:36 (1666 turns).

qw the Shooter (Gargoyle Hunter)                    Turns: 1666, Time: 00:00:37

Health: -19/28     AC: 10    Str: 15    XL:     4   Next: 18%
Magic:  4/4        EV: 11    Int:  9    God:
Gold:   98         SH:  0    Dex: 15    Spells: 3/3 levels left

rFire   . . .        Y - +0 shortbow
rCold   . . .        (shield currently unavailable)
rNeg    + . .        c - +0 leather armour
rPois   inf          (no helmet)
rElec   +            (no cloak)
rCorr   .            (no gloves)
SInv    .            (no boots)
Will    .....        (no amulet)
Stlth   ++           i - +4 ring of protection
HPRegen 0.24/turn    (no ring)
MPRegen 0.09/turn

%: no passive effects
@: about to teleport
A: sickness immunity, AC +3, negative energy resistance 1, electricity
resistance, torment resistance 1, petrification resistance
a: no special abilities


You were on level 3 of the Dungeon.
You visited 1 branch of the dungeon, and saw 3 of its levels.

You collected 98 gold pieces.


Innate Abilities, Weirdness & Mutations

You are immune to sickness and miasma.
Your stone body is resilient. (AC +3)
You are immune to poison.
You resist negative energy. (rN+)
You are resistant to electric shocks. (rElec)
You are resistant to unholy torment.
You are immune to petrification.


   Skills:
 - Level 3.2 Fighting
 + Level 5.1 Ranged Weapons
 - Level 1.5 Dodging
 - Level 1.1 Stealth


You had 3 spell levels left.
You didn't know any spells.
Your spell library was empty.

Inventory:

Hand Weapons
 Y - a +0 shortbow (weapon)
Armour
 c - a +0 leather armour (worn)
Jewellery
 i - a +4 ring of protection (left hand)
Scrolls
 a - a scroll of enchant armour
 b - 2 scrolls of teleportation
 g - 2 scrolls of identify
 h - a scroll of torment {unknown}
Potions
 d - a potion of magic {unknown}
 e - a potion of degeneration {unknown}
 f - a potion of haste {unknown}
 j - a potion of berserk rage {unknown}

Dungeon Overview and Level Annotations

Branches:
Dungeon (3/15)

Altars:
Yredelemnul

Annotations:
D:2 1 runed translucent door, Crazy Yiuf
D:3 Ijyb


Message History

You kill the bat!
You shoot an arrow.
The arrow hits the kobold but does no damage.
The kobold is severely wounded.
You shoot an arrow. The arrow barely misses the kobold.
The kobold hits you but does no damage.
You shoot an arrow. The arrow hits the kobold.
You kill the kobold!
The endoplasm hits you but does no damage.
The endoplasm hits you.
You shoot an arrow. The arrow hits the endoplasm.
You kill the endoplasm!
You start resting.
HP restored.
You see here a bat corpse.
Ijyb the Twisted Goblin comes into view.
She is wielding a +0 dagger of distortion and carrying a wand of charming.
Ijyb shouts!
Ijyb zaps a wand.
You resist with some effort.
You shoot an arrow. The arrow barely misses Ijyb.
Ijyb zaps a wand.
You resist with some effort.
You shoot an arrow. The arrow barely misses Ijyb.
You shoot an arrow. The arrow hits Ijyb but does no damage.
Ijyb hits you with a +0 dagger of distortion.
Space warps horribly around you!
Ouch! That really hurt!
You shoot an arrow. The arrow closely misses Ijyb.
Ijyb hits you with a +0 dagger of distortion.
Space warps around you. Ijyb misses you.
1664 ||| READING 3 scrolls of teleportation.
As you read the scroll of teleportation, it crumbles to dust.
You feel strangely unstable.
Ijyb hits you with a +0 dagger of distortion.
You shoot an arrow. The arrow barely misses Ijyb.
Ijyb hits you but does no damage.
You shoot an arrow. The arrow hits Ijyb.
Ijyb is lightly wounded.
Ijyb hits you with a +0 dagger of distortion.
Space warps horribly around you!!
Ouch! That really hurt!
You die...

#.....###.# #.....##
#.# #....(.# #.#
#......# #.# ##.....#
#.# ### #######.#####.#
.. .....##.....#.# .# .
......).%.#.#.##g##..$.
..^..####.#.#..@.......
.............###.#.....
?.............# .# ...
..............# .# # .
........:..## .#
##.........# .#
#.........# .#
#.........# .#
#.#########


You could see Ijyb.

Vanquished Creatures
  3 adders
  2 dart slugs
  3 ball pythons (D:1)
  3 endoplasms
  A giant cockroach (D:2)
  4 hobgoblins
  4 kobolds
  A quokka (D:1)
  5 bats
  2 frilled lizards
  4 goblins
  5 rats
37 creatures vanquished.

Notes
Turn   | Place    | Note
-------+----------+-------------------------------------------
     0 | D:1      | qw the Gargoyle Hunter began the quest for the Orb.
     0 | D:1      | Reached XP level 1. HP: 12/12 MP: 1/1
     0 | D:1      | 0 ||| qw: Version: 0.3-a-83-gcd0e7d8
     0 | D:1      | 0 ||| qw: Game counter: 1622
     0 | D:1      | 0 ||| qw: Melee chars always use a shield: true
     0 | D:1      | 0 ||| qw: God list: Okawaru
     0 | D:1      | 0 ||| qw: Allow faded altars: false
     0 | D:1      | 0 ||| qw: Do Orc after clearing Dungeon:15 true
     0 | D:1      | 0 ||| qw: Do second Lair branch before Depths: true
     0 | D:1      | 0 ||| qw: Lair rune preference: random
     0 | D:1      | 0 ||| qw: Goals: Normal
     0 | D:1      | 0 ||| PLANNING D:1-11
   155 | D:1      | You fall into a shaft and drop 1 floor!
   159 | D:2      | 159 ||| READING scroll labelled YSOCKU RUACZU.
   160 | D:2      | 160 ||| DROPPING scroll of butterflies.
   232 | D:1      | Reached XP level 2. HP: 17/17 MP: 2/2
   658 | D:1      | 658 ||| READING scroll labelled ZETRENLYTHEO.
   659 | D:1      | 659 ||| READING scroll labelled SIERAR OMIAL.
   660 | D:1      | 660 ||| READING 2 scrolls labelled BUMUIF XOELURCH.
   661 | D:1      | 661 ||| READING scroll labelled RUNULA NISEHOFASA.
   702 | D:2      | 702 ||| STAIRDANCE
   708 | D:2      | 708 ||| STAIRDANCE
   712 | D:1      | Reached XP level 3. HP: 17/21 MP: 3/3
   773 | D:2      | Reached skill level 5 in Ranged Weapons
   804 | D:2      | Found a basalt altar of Yredelemnul.
  1401 | D:2      | Found a runed translucent door.
  1402 | D:2      | Noticed Crazy Yiuf
  1405 | D:2      | 1405 ||| UPGRADING to +4 ring of protection.
  1406 | D:2      | 1406 ||| READING 3 scrolls labelled QIAVEM VUYZ.
  1500 | D:2      | 1500 ||| DRINKING 2 sedimented golden potions.
  1508 | D:2      | 1508 ||| DROPPING potion of ambrosia.
  1610 | D:3      | Found a faded altar of an unknown god.
  1614 | D:3      | Reached skill level 3 in Fighting
  1630 | D:3      | Reached XP level 4. HP: 28/28 MP: 4/4
  1659 | D:3      | Noticed Ijyb
  1663 | D:3      | HP: 4/28 [Ijyb/+0 dagger of distortion (6)]
  1664 | D:3      | 1664 ||| READING 3 scrolls of teleportation.
  1666 | D:3      | HP: 1/28 [Ijyb/+0 dagger of distortion (3)]
  1666 | D:3      | Demolished by Ijyb

Levels and vault maps discovered:
D:1:      minmay_arrival_widening_spiral_wide, layout_basic
D:2:      layout_loops_ring, basic_altar, uniq_crazy_yiuf_cottage
D:3:      layout_basic, ebering_ecumenical_altar_petrified,
          kennysheep_minor_cross, uniq_ijyb, uniq_jessica

Skill      XL: |  1  2  3 |
---------------+----------+-----
Ranged Weapons | 5 |  5.1
Fighting       | 3 |  3.2
Dodging        | |  1.5
Stealth        | |  1.1

Action                     |  1- 3 |  4- 6 || total
---------------------------+-------+-------++-------
   Fire: Shortbow          |   111 |    13 ||   124
    Use: Scroll            |     6 |     1 ||     7
         Potion            |     1 |       ||     1
 Armour: Leather armour    |    39 |     8 ||    47
  Dodge: Dodged            |    56 |     3 ||    59

Table legend:
 A = Non-vault XP
 B = Vault XP
 C = Vault XP percentage of total XP
 D = Non-vault monster count
 E = Vault monster count
 F = Vault count percentage of total count
                 A         B        C        D         E       F
            +---------+---------+-------+---------+---------+-------
      Total |      97 |       0 |   0.0 |      37 |       0 |   0.0
            +---------+---------+-------+---------+---------+-------
        D:1 |      35 |       0 |   0.0 |      21 |       0 |   0.0
        D:2 |      31 |       0 |   0.0 |      11 |       0 |   0.0
        D:3 |      31 |       0 |   0.0 |       5 |       0 |   0.0
            +---------+---------+-------+---------+---------+-------
